 Dungeon Crawl Stone Soup version 0.21.0-37-g46506fa (webtiles) character file.

138 tidbits the Digger (level 5, 33/37 HPs)
             Began as a Gnoll Earth Elementalist on Feb 1, 2018.
             Quit the game on level 4 of the Dungeon.
             The game lasted 00:06:07 (608 turns).

tidbits the Digger (Gnoll Earth Elementalist)        Turns: 608, Time: 00:06:08

Health: 33/37      AC:  2    Str: 10    XL:     5   Next: 21%
Magic:  12/12      EV: 15    Int: 18    God:
Gold:   71         SH:  0    Dex: 16    Spells: 8/14 levels left

rFire    . . .     SeeInvis +   a - +0 dagger
rCold    . . .     Gourm    .   (no shield)
rNeg     . . .     Faith    .   c - +0 robe
rPois    .         Spirit   .   (no helmet)
rElec    .         Reflect  .   (no cloak)
rCorr    .         Harm     .   (no gloves)
MR       .....                  (no boots)
Stlth    +++.......             (no amulet)
HPRegen  0.12/turn              I - ring of see invisible
MPRegen  0.13/turn              (no ring)

@: no status effects
A: distributed training, fangs 1, strong nose
a: no special abilities


You were on level 4 of the Dungeon.
You were not hungry.

You visited 1 branch of the dungeon, and saw 5 of its levels.

You collected 71 gold pieces.

Inventory:

Hand Weapons
 a - a +0 dagger (weapon)
 i - a +0 short sword
 m - a +0 war axe
Missiles
 b - 12 stones (quivered)
 o - 6 exploding tomahawks
Armour
 c - a +0 robe (worn)
Jewellery
 I - a ring of see invisible (left hand)
   (You found it on level 1 of the Dungeon)
Scrolls
 g - 2 scrolls of remove curse {unknown}
 h - 3 scrolls of teleportation {unknown}
 l - a scroll of magic mapping
 p - a scroll of enchant armour {unknown}
 q - a scroll of identify
Potions
 f - a potion of might {unknown}
 j - 2 potions of resistance {unknown}
 k - 3 potions of curing {unknown}
 n - a potion of flight
Books
 e - a book of Geomancy

   Spells                             Type                      Level
   a - Sandblast                      Earth                        1
   b - Passwall                       Transmutation/Earth          2
   c - Stone Arrow                    Conjuration/Earth            3
   d - Petrify                        Transmutation/Earth          4
   e - Lee's Rapid Deconstruction     Earth                        5
Comestibles
 d - 5 rations


   Skills:
 + Level 1.4 Fighting
 + Level 1.4 Short Blades
 + Level 1.4 Long Blades
 + Level 1.4 Axes
 + Level 1.4 Maces & Flails
 + Level 1.4 Polearms
 + Level 1.4 Staves
 + Level 1.4 Slings
 + Level 1.4 Bows
 + Level 1.4 Crossbows
 + Level 1.4 Throwing
 + Level 1.4 Armour
 + Level 4.7 Dodging
 + Level 4.3 Stealth
 + Level 1.4 Shields
 + Level 1.4 Unarmed Combat
 + Level 5.1 Spellcasting
 + Level 1.1 Conjurations
 + Level 1.1 Hexes
 + Level 1.1 Charms
 + Level 1.1 Summonings
 + Level 1.1 Necromancy
 + Level 1.1 Translocations
 + Level 2.3 Transmutations
 + Level 1.1 Fire Magic
 + Level 1.1 Ice Magic
 + Level 1.1 Air Magic
 + Level 5.5 Earth Magic
 + Level 1.1 Poison Magic
 + Level 1.5 Invocations
 + Level 1.4 Evocations


You had 8 spell levels left.
You knew the following spells:

 Your Spells              Type           Power        Failure   Level  Hunger
a - Sandblast             Erth           ###...       1%          1    None
j - Stone Arrow           Conj/Erth      ###...       10%         3    ##.....
p - Passwall              Tmut/Erth      ###.......   3%          2    #......


Dungeon Overview and Level Annotations

Branches:
Dungeon (5/15)
 Temple: D:4-7

Altars:
Nemelex Xobeh


Innate Abilities, Weirdness & Mutations

Your experience applies equally to all skills.
You have very sharp teeth.
Your uncanny sense of smell can sniff out nearby items.


Message History

Casting: Sandblast
Confirm with . or Enter, or press ? or * to list all spells.
Aiming: Sandblast
Press: ? - help, Shift-Dir - straight line, f/p - kobold
Aim: a kobold The blast of sand hits the kobold.
You kill the kobold!
b - 15 stones
Things that are here:
a scroll labeled JAYLEINLIL; a ration; a kobold corpse You closely miss the frilled lizard.
The frilled lizard completely misses you.
Casting: Sandblast
Confirm with . or Enter, or press ? or * to list all spells.
Aiming: Sandblast
Press: ? - help, Shift-Dir - straight line, f - frilled lizard
Aim: a frilled lizard The blast of sand hits the frilled lizard.
You kill the frilled lizard!
b - 14 stones
g - 2 scrolls labeled JAYLEINLIL (gained 1)
d - 5 rations (gained 1)
You see here a scroll of identify.
q - a scroll of identify
There is a stone staircase leading up here.
You climb upwards.
A dart slug comes into view.
There is a stone staircase leading down here.
The hobgoblin shouts!
The hobgoblin closely misses you.
Unknown command.
Casting: Sandblast
Confirm with . or Enter, or press ? or * to list all spells.
Aiming: Sandblast
Press: ? - help, Shift-Dir - straight line, f - hobgoblin
Aim: a hobgoblin The blast of sand hits the hobgoblin.
You kill the hobgoblin!
b - 13 stones You see here a hobgoblin corpse.
Unknown command.
Casting: Sandblast
Confirm with . or Enter, or press ? or * to list all spells.
Aiming: Sandblast
Press: ? - help, Shift-Dir - straight line, f - dart slug
Aim: a dart slug (clinging, hasn't noticed you)
The blast of sand hits the dart slug.
You kill the dart slug!
b - 12 stones
There is a stone staircase leading down here.
You climb downwards.
There is a stone staircase leading up here.
Unknown command.
Unknown command.
You see here 2 stones.
b - 14 stones (gained 2)
You see here a stone.
b - 15 stones (gained 1)
The hobgoblin shouts!
A frilled lizard comes into view.
You barely miss the hobgoblin. The hobgoblin barely misses you.
Casting: Sandblast
Confirm with . or Enter, or press ? or * to list all spells.
Aiming: Sandblast
Press: ? - help, Shift-Dir - straight line, f - hobgoblin
Aim: a hobgoblin, wielding a club The blast of sand hits the hobgoblin.
You kill the hobgoblin!
b - 14 stones The frilled lizard hisses angrily.
Casting: Sandblast
Confirm with . or Enter, or press ? or * to list all spells.
Aiming: Sandblast
Press: ? - help, Shift-Dir - straight line, f - frilled lizard
Aim: a frilled lizard The blast of sand misses the frilled lizard.
b - 13 stones The frilled lizard misses you.
Casting: Sandblast
Confirm with . or Enter, or press ? or * to list all spells.
Aiming: Sandblast
Press: ? - help, Shift-Dir - straight line, f/p - frilled lizard
Aim: a frilled lizard The blast of sand hits the frilled lizard.
You kill the frilled lizard!
b - 12 stones You see here an orange potion.
k - 3 orange potions (gained 1)
There is a stone staircase leading down here.
You climb downwards.
There is a stone staircase leading up here.
Unknown command.
Unknown command.
You see here a rapier.
Found a stone staircase leading up.
Unknown command.
A bullfrog skeleton comes into view. (m)acro, (M)acro raw, keymap [(k) default, (x) level-map, (t)argeting, (c)onfirm, m(e)nu], (s)ave?
Aborting.
Are you sure you want to abandon this character and quit the game? (Confirm with "yes".)

#####.....###.#####.#.##.##
..........................#
#####......##[#####.#######
.........).##. #...#
####.......##. #.#.#
#..####.##.###.#.# #..# .#
...#.#.# #..# ..####.#.#.#
#..# .......@.#.# ..$.∆
.#####......# .#..
..<........ #.......###.
#........# #........#
......#..# .....Z....#


You could see a bullfrog skeleton (dormant).

Vanquished Creatures
  An ogre (D:4)
  2 adders
  3 dart slugs
  A giant cockroach (D:2)
  3 goblins (D:1)
  5 hobgoblins
  5 kobolds
  3 bats
  3 frilled lizards
  4 rats
30 creatures vanquished.

Notes
Turn   | Place    | Note
-------+----------+-------------------------------------------
     0 | D:1      | tidbits the Gnoll Earth Elementalist began the quest for the Orb.
     0 | D:1      | Reached XP level 1. HP: 13/13 MP: 6/6
    86 | D:1      | Reached skill level 2 in Transmutations
    89 | D:1      | Reached XP level 2. HP: 19/19 MP: 2/7
    93 | D:1      | Learned a level 2 spell: Passwall
   238 | D:2      | Reached XP level 3. HP: 23/25 MP: 2/9
   243 | D:2      | Learned a level 3 spell: Stone Arrow
   262 | D:2      | Reached skill level 5 in Spellcasting
   357 | D:3      | Reached skill level 1 in Invocations
   416 | D:4      | Noticed an ogre
   424 | D:4      | Killed an ogre
   424 | D:4      | Reached skill level 1 in Fighting
   424 | D:4      | Reached skill level 1 in Short Blades
   424 | D:4      | Reached skill level 1 in Long Blades
   424 | D:4      | Reached skill level 1 in Axes
   424 | D:4      | Reached skill level 1 in Maces & Flails
   424 | D:4      | Reached skill level 1 in Polearms
   424 | D:4      | Reached skill level 1 in Staves
   424 | D:4      | Reached skill level 1 in Slings
   424 | D:4      | Reached skill level 1 in Bows
   424 | D:4      | Reached skill level 1 in Crossbows
   424 | D:4      | Reached skill level 1 in Throwing
   424 | D:4      | Reached skill level 1 in Armour
   424 | D:4      | Reached skill level 1 in Shields
   424 | D:4      | Reached skill level 1 in Unarmed Combat
   424 | D:4      | Reached skill level 1 in Conjurations
   424 | D:4      | Reached skill level 1 in Hexes
   424 | D:4      | Reached skill level 1 in Charms
   424 | D:4      | Reached skill level 1 in Summonings
   424 | D:4      | Reached skill level 1 in Necromancy
   424 | D:4      | Reached skill level 1 in Translocations
   424 | D:4      | Reached skill level 1 in Fire Magic
   424 | D:4      | Reached skill level 1 in Ice Magic
   424 | D:4      | Reached skill level 1 in Air Magic
   424 | D:4      | Reached skill level 1 in Poison Magic
   424 | D:4      | Reached skill level 1 in Evocations
   424 | D:4      | Reached XP level 4. HP: 9/32 MP: 9/11
   424 | D:4      | Reached XP level 5. HP: 10/37 MP: 9/12
   447 | D:5      | Entered Level 5 of the Dungeon
   504 | D:3      | Found a sparkling altar of Nemelex Xobeh.
   608 | D:4      | Quit the game

Skill      XL: |  1  2  3 |
---------------+----------+-----
Transmutations | 2 |  2.3
Spellcasting   | 5 |  5.1
Invocations    | 1 |  1.5
Fighting       | 1 |  1.4
Short Blades   | 1 |  1.4
Long Blades    | 1 |  1.4
Axes           | 1 |  1.4
Maces & Flails | 1 |  1.4
Polearms       | 1 |  1.4
Staves         | 1 |  1.4
Slings         | 1 |  1.4
Bows           | 1 |  1.4
Crossbows      | 1 |  1.4
Throwing       | 1 |  1.4
Armour         | 1 |  1.4
Shields        | 1 |  1.4
Unarmed Combat | 1 |  1.4
Conjurations   | 1 |  1.1
Hexes          | 1 |  1.1
Charms         | 1 |  1.1
Summonings     | 1 |  1.1
Necromancy     | 1 |  1.1
Translocations | 1 |  1.1
Fire Magic     | 1 |  1.1
Ice Magic      | 1 |  1.1
Air Magic      | 1 |  1.1
Poison Magic   | 1 |  1.1
Evocations     | 1 |  1.4
Dodging        | |  4.7
Stealth        | |  4.3
Earth Magic    | |  5.5

Action                   |  1- 3 |  4- 6 || total
-------------------------+-------+-------++-------
Melee: Dagger            |    14 |     3 ||    17
 Cast: Sandblast         |    17 |     9 ||    26
       Passwall          |     7 |     1 ||     8
  Use: Scroll            |     2 |       ||     2
 Stab: Sleeping          |    11 |     1 ||    12
Armor: Robe              |       |     1 ||     1
Dodge: Dodged            |     6 |     6 ||    12

Table legend:
 A = Turns spent in this place as a percentage of turns spent in the entire game.
 B = Non-inter-level travel turns spent in this place as a percentage of non-inter-level travel turns spent in the entire game.
 C = Inter-level travel turns spent in this place as a percentage of turns spent in this place.
 D = Turns resting spent in this place as a percentage of non-inter-level travel turns spent in this place.
 E = Turns spent auto-exploring this place as a percentage of non-inter-level travel turns spent in this place.
 F = Non-inter-level travel turns spent in this place divided by the number of levels of this place that you've seen.
                   A       B       C       D       E      F
               +-------+-------+-------+-------+-------+----------------------
         Total | 100.0 | 100.0 |   0.0 |   0.0 |   3.1 | 121.6
       Dungeon | 100.0 | 100.0 |   0.0 |   0.0 |   3.1 | 121.6
               +-------+-------+-------+-------+-------+----------------------

Table legend:
 A = Kills in this place as a percentage of kills in entire the game.
 B = Kills by you in this place as a percentage of kills by you in the entire game.
 C = Kills by friends in this place as a percentage of kills by friends in the entire game.
 D = Other kills in this place as a percentage of other kills in the entire game.
 E = Experience gained in this place as a percentage of experience gained in the entire game.
 F = Experience gained in this place divided by the number of levels of this place that you have seen.
                   A       B       C       D       E      F
               +-------+-------+-------+-------+-------+----------------------
         Total | 100.0 | 100.0 |   N/A |   N/A | 100.0 |  39.6
       Dungeon | 100.0 | 100.0 |   N/A |   N/A | 100.0 |  39.6
               +-------+-------+-------+-------+-------+----------------------

Vault maps used:
D:1:      kennysheep_arrival_seaside, st_stairs_8, minmay_split_cup_small
D:2:      marbit_many_paths
D:3:      lemuel_round_altar, nemelex_xobeh_ov_fountains_minmay, first_ration
D:4:      nicolae_overflow_crystal_walls, hex_tiny, uniq_eustachio
D:5:      kennysheep_mini_moat, basic_altar, uniq_duvessa, uniq_menkaure,
          uniq_edmund
